 Dungeon Crawl Stone Soup version 0.24-a0-789-g35933f4585 (webtiles) character file.

Game seed: 5199508918093515626, levelgen mode: deterministic

163 MisterFreud the Changer (level 5, 0/33 HPs)
             Began as an Octopode Transmuter on Oct 10, 2019.
             Slain by an orc wizard
             ... wielding a +0 dagger
              (4 damage)
             ... on level 4 of the Dungeon.
             The game lasted 00:04:06 (3228 turns).

MisterFreud the Changer (Octopode Transmuter)       Turns: 3228, Time: 00:04:08

Health: 0/33       AC:  2    Str:  9    XL:     5   Next: 44%
Magic:  0/9        EV: 20    Int: 16    God:
Gold:   102        SH:  0    Dex: 22    Spells: 4/10 levels left

rFire    . . .     SeeInvis .     - Unarmed
rCold    + . .     Gourm    .   (shield currently unavailable)
rNeg     . . .     Faith    .   (helmet currently unavailable)
rPois    x         Spirit   .   o - amulet of regeneration
rElec    .         Reflect  .   b - +4 ring of dexterity
rCorr    .         Harm     .   l - ring of protection from cold
MR       .....                  (no ring)
Stlth    ++........             (no ring)
HPRegen  0.51/turn              (no ring)
MPRegen  0.11/turn              (no ring)
                                (no ring)
                                (no ring)

@: spider-form
A: tiny, almost no armour, stealthy swim, (amphibious), 8 rings, (constrict 8)
a: End Transformation


You were on level 4 of the Dungeon.
You were not hungry.
You were a venomous arachnid creature.
You visited 1 branch of the dungeon, and saw 4 of its levels.

You collected 102 gold pieces.

Inventory:

Missiles
 a - 12 arrows
 d - 128 stones (quivered)
 g - 23 poisoned darts
 h - 34 sling bullets
 j - 18 bolts
Jewellery
 b - a +4 ring of dexterity (left front leg)
 l - a ring of protection from cold (right front leg)
 o - an amulet of regeneration (around neck)
Scrolls
 k - a scroll of identify
Potions
 f - a potion of lignification
 i - a potion of might {unknown}
 n - 5 potions of curing
 p - 2 potions of haste
Comestibles
 c - 8 rations
 m - a chunk of flesh


   Skills:
 - Level 1.0 Fighting
 - Level 2.0 Dodging
 - Level 3.0 Unarmed Combat
 + Level 3.2 Spellcasting
 * Level 4.6 Transmutations


You had 4 spell levels left.
You knew the following spells:

 Your Spells              Type           Power        Failure   Level  Hunger
a - Beastly Appendage     Tmut           ###...       10%         1    None
b - Sticks to Snakes      Tmut           ###.....     13%         2    ##.....
c - Spider Form           Tmut/Pois      ##........   43%         3    ###....

Your spell library contained the following spells:

 Spells                   Type           Power        Failure   Level  Hunger
 Ice Form                 Ice/Tmut       ##......     77%         4    ####...
 Blade Hands              Tmut           ###.......   78%         5    ######.


Dungeon Overview and Level Annotations

Branches:
Dungeon (4/15)
 Temple: D:4-7

Altars:


Innate Abilities, Weirdness & Mutations

You cannot wear most types of armour.
You are very stealthy in the water. (Stealth+)
((You are amphibious.))
You can wear up to eight rings at the same time.
((You can use your tentacles to constrict eight enemies at once.))
((Your skin changes colour to match your surroundings (Stealth+).))
((Your rubbery body absorbs attacks. (AC +1, EV +1)))


Message History

You kill the orc wizard!
The orc wizard casts a spell.
The orc wizard seems to speed up.
The orc priest calls down the wrath of Beogh upon you.
Beogh smites you!
Found a scroll labeled ITIELO TOEGAU.
The orc priest invokes the aid of Beogh against you.
Beogh smites you!
You hit the orc wizard.
The orc wizard is poisoned.
The orc wizard is lightly wounded.
Your transformation has ended.
The orc wizard hits you but does no damage.
Casting: Spider Form (safe; 22% risk of failure)
Confirm with . or Enter, or press ? or * to list all spells.
You turn into a venomous arachnid creature.
The orc wizard gestures at you while chanting.
The magic dart hits you!
* * * LOW HITPOINT WARNING * * *
The orc wizard hits you with a +0 dagger.
You die...

#.#.# .?#.#.#
#.#.#.# #.#.#.#
#.#.#.# #.#.#.#
#.#†# ... #.#.#
..... #s#÷#
.....######o#.#
...........o..#
.............##.##
...(....o.).......#
..............#.#.#
..............# #
..##..%......#
#............


You could see an orc priest, an orc wizard and an orc.

Vanquished Creatures
  A hound (D:4)
  An orc wizard (D:4)
  5 adders
  2 worms
  2 leopard geckos
  2 giant cockroaches (D:2)
  8 hobgoblins
  2 kobolds
  2 quokkas
  8 bats
  5 frilled lizards
  9 goblins
  7 rats
54 creatures vanquished.

Notes
Turn   | Place    | Note
-------+----------+-------------------------------------------
     0 | D:1      | MisterFreud the Octopode Transmuter began the quest for the
                  | Orb.
     0 | D:1      | Reached XP level 1. HP: 13/13 MP: 3/3
   125 | D:1      | Reached XP level 2. HP: 16/18 MP: 5/5
   685 | D:1      | Reached skill level 3 in Transmutations
   801 | D:2      | Reached XP level 3. HP: 16/23 MP: 4/6
   955 | D:2      | Learned a level 2 spell: Sticks to Snakes
   959 | D:2      | Learned a level 3 spell: Spider Form
  1352 | D:2      | Reached XP level 4. HP: 15/28 MP: 8/8
  2248 | D:2      | Found a faded altar of an unknown god.
  2735 | D:3      | Reached skill level 4 in Transmutations
  3197 | D:4      | Reached XP level 5. HP: 33/33 MP: 3/9
  3220 | D:4      | HP: 1/33 [orc wizard/puff of frost (3)]
  3228 | D:4      | Slain by an orc wizard

Levels and vault maps discovered:
D:1:      minmay_arrival_jagged, layout_basic
D:2:      layout_basic, chequers_ecumenical_altar_grove,
          kennysheep_generic_room_9
D:3:      layout_loops_corners
D:4:      layout_basic, first_ration, minmay_misc_feat_enclosed, uniq_menkaure,
          uniq_grinder

Skill      XL: |  1  2  3  4 |
---------------+-------------+-----
Transmutations | 3 4 |  4.6
Spellcasting   | 3 |  3.2
Fighting       | |  1.0
Dodging        | |  2.0
Unarmed Combat | |  3.0

Action                   |  1- 3 |  4- 6 || total
-------------------------+-------+-------++-------
Melee: Unarmed           |    71 |    71 ||   142
       Tentacles         |    11 |     9 ||    20
       Constrict         |    20 |    13 ||    33
       Kick              |     2 |       ||     2
       Punch             |       |     2 ||     2
 Cast: Beastly Appendage |     2 |     1 ||     3
       Spider Form       |       |     5 ||     5
  Use: Scroll            |       |     7 ||     7
       Potion            |       |     1 ||     1
 Stab: Sleeping          |     6 |     3 ||     9
       Distracted        |       |     1 ||     1
  Eat: Chunk             |     1 |     7 ||     8
Armor: Skin              |    11 |     9 ||    20
Dodge: Dodged            |    47 |    47 ||    94

Table legend:
 A = Non-vault XP
 B = Vault XP
 C = Vault XP percentage of total XP
 D = Non-vault monster count
 E = Vault monster count
 F = Vault count percentage of total count
                 A         B        C        D         E       F
            +---------+---------+-------+---------+---------+-------
      Total |     234 |       0 |   0.0 |      54 |       0 |   0.0
            +---------+---------+-------+---------+---------+-------
        D:1 |      33 |       0 |   0.0 |      22 |       0 |   0.0
        D:2 |      88 |       0 |   0.0 |      22 |       0 |   0.0
        D:3 |      25 |       0 |   0.0 |       7 |       0 |   0.0
        D:4 |      88 |       0 |   0.0 |       3 |       0 |   0.0
            +---------+---------+-------+---------+---------+-------
